 Dungeon Crawl Stone Soup version 0.21.1-1-g345015fe64 (webtiles) character file.

417 Gargoyl the Skirmisher (level 6, 0/85 HPs)
             Began as a Centaur Abyssal Knight on June 12, 2018.
             Was a Believer of Lugonu.
             Slain by a gnoll
             ... wielding a +0 halberd
              (2 damage)
             ... on level 3 of the Dungeon.
             The game lasted 00:07:23 (2151 turns).

Gargoyl the Skirmisher (Centaur Abyssal Knight)     Turns: 2151, Time: 00:07:24

Health: 0/85       AC:  6    Str: 20    XL:     6   Next: 61%
Magic:  8/8        EV:  8    Int: 11    God:    Lugonu [**....]
Gold:   145        SH:  0    Dex: 10    Spells: 5/5 levels left

rFire    . . .     SeeInvis .   e - +0 scimitar (flame)
rCold    . . .     Gourm    .   (no shield)
rNeg     . . .     Faith    .   m - +0 ring mail (curse)
rPois    .         Spirit   .   (no helmet)
rElec    .         Reflect  .   (no cloak)
rCorr    .         Harm     .   (no gloves)
MR       .....                  (no barding)
Stlth    ..........             (no amulet)
HPRegen  0.24/turn              (no ring)
MPRegen  0.11/turn              (no ring)

@: berserking, very quick
A: large, hooves 3, deformed body, speed 2, tough skin 3
a: Depart the Abyss, Bend Space, Renounce Religion


You were on level 3 of the Dungeon.
You worshipped Lugonu.
Lugonu was pleased with you.
You were not hungry.

You visited 1 branch of the dungeon, and saw 3 of its levels.
You visited the Abyss 1 time.

You collected 145 gold pieces.

Inventory:

Hand Weapons
 a - a +1 hand axe
 e - a +0 scimitar of flaming (weapon)
Missiles
 p - 5 javelins (quivered)
Armour
 m - a cursed +0 ring mail (worn)
Wands
 d - a wand of disintegration (11)
 q - a wand of random effects (23)
Scrolls
 f - 2 scrolls of amnesia
 i - 2 scrolls of remove curse {unknown}
 k - 3 scrolls of fear {unknown}
 o - 2 scrolls of teleportation
Potions
 b - a potion of magic {unknown}
 g - 2 potions of agility {unknown}
 h - a potion of lignification {unknown}
 j - a potion of berserk rage
 l - a potion of might {unknown}
 n - 2 potions of flight {unknown}
Comestibles
 c - 4 rations


   Skills:
 + Level 5.7 Fighting
 + Level 1.0 Long Blades
 + Level 2.6 Axes
 * Level 2.3 Armour
 + Level 0.9 Dodging
 * Level 3.2 Invocations
 + Level 0.8 Evocations


You had 5 spell levels left.
You didn't know any spells.

Dungeon Overview and Level Annotations

Branches:
Dungeon (3/15)

Altars:
Dithmenos
Nemelex Xobeh


Innate Abilities, Weirdness & Mutations

You have hooves in place of feet.
Armour fits poorly on your strangely shaped body.
You cover ground very quickly.
You have extremely tough skin. (AC +3)


Message History

Lugonu accepts your kill.
The gnoll hits you from afar with a halberd!
The gnoll hits you with a halberd.
* * * LOW HITPOINT WARNING * * *
You see here a flail.
You barely miss the gnoll.
The gnoll hits you from afar with a spear of flaming.
* * * LOW HITPOINT WARNING * * *
The gnoll burns you.
* * * LOW HITPOINT WARNING * * *
The gnoll hits you but does no damage.
The gnoll hits you from afar with a spear of flaming!
* * * LOW HITPOINT WARNING * * *
The gnoll burns you.
* * * LOW HITPOINT WARNING * * *
It was a potion of berserk rage.
A red film seems to cover your vision as you go berserk!
You feel yourself moving faster!
You feel mighty! The gnoll hits you with a halberd.
You die...

#.# #.# #.#
#%# #g# #g#
#g# #@#
#####.#
#.....#
#.##### #.#
############.#
.............#
##############


You could see 3 gnolls.

Vanquished Creatures
  An efreet (Abyss:2)
  A wight (Abyss:2)
  A bullfrog skeleton (D:2)
  2 adders
  A gnoll (D:3)
  An ooze (D:1)
  2 worms
  4 dart slugs
  2 leopard geckos
  4 giant cockroaches
  7 goblins
  5 hobgoblins
  A ball python (D:2)
  6 bats
  4 frilled lizards
  3 kobolds
  2 rats (D:1)
47 creatures vanquished.

Notes
Turn   | Place    | Note
-------+----------+-------------------------------------------
     0 | Abyss:1  | Gargoyl the Centaur Abyssal Knight began the quest for the Orb.
     0 | Abyss:1  | Reached XP level 1. HP: 19/19 MP: 2/2
    19 | Abyss:1  | Found a corrupted altar of Lugonu.
    19 | Abyss:1  | Found a corrupted altar of Lugonu.
    59 | Abyss:1  | Noticed a blink frog
    63 | Abyss:1  | Noticed a wraith
    68 | Abyss:1  | Noticed a neqoxec
    87 | Abyss:1  | Noticed a ynoxinul
   121 | Abyss:2  | Noticed a wight
   153 | Abyss:2  | Killed a wight
   153 | Abyss:2  | Reached skill level 4 in Fighting
   153 | Abyss:2  | Reached XP level 2. HP: 26/27 MP: 3/3
   153 | Abyss:2  | Reached XP level 3. HP: 32/33 MP: 4/4
   157 | Abyss:2  | Noticed an efreet
   161 | Abyss:2  | Killed an efreet
   161 | Abyss:2  | Reached skill level 5 in Fighting
   161 | Abyss:2  | Reached XP level 4. HP: 14/42 MP: 4/6
   161 | Abyss:2  | Reached XP level 5. HP: 16/49 MP: 4/7
   161 | Abyss:2  | Reached XP level 6. HP: 18/56 MP: 4/8
   172 | Abyss:3  | Noticed a tentacled starspawn
   172 | Abyss:3  | Noticed a wretched star
   172 | Abyss:3  | Noticed a tentacled starspawn
   172 | Abyss:3  | Noticed a wretched star
   173 | D:1      | Escaped the Abyss
   568 | D:1      | Reached * piety under Lugonu
  1018 | D:2      | Found a shadowy altar of Dithmenos.
  1425 | D:2      | Found a sparkling altar of Nemelex Xobeh.
  1868 | D:3      | Reached ** piety under Lugonu
  2101 | D:3      | Reached skill level 1 in Long Blades
  2150 | D:3      | HP: 1/57 [gnoll/spear of flaming (3)]
  2151 | D:3      | Slain by a gnoll

Skill      XL: |  1  2  3  4  5  6 |
---------------+-------------------+-----
Fighting       | 4 5 |  5.7
Axes           | 2 |  2.6
Armour         | 2 |  2.3
Invocations    | 3 |  3.2
Long Blades    | 1 |  1.0
Dodging        | |  0.9
Evocations     | |  0.8

Action                   |  1- 3 |  4- 6 || total
-------------------------+-------+-------++-------
Melee: Scimitar          |       |   104 ||   104
       Kick              |       |    15 ||    15
Invok: Depart the Abyss  |       |     1 ||     1
Evoke: Wand              |     6 |     1 ||     7
  Use: Scroll            |     1 |     5 ||     6
       Potion            |       |     1 ||     1
  Eat: Ration            |       |     1 ||     1
Armor: Ring mail         |       |    64 ||    64
       Leather armour    |       |    14 ||    14
Dodge: Dodged            |       |    69 ||    69
       Rpst.: Scimitar   |       |    22 ||    22
